[Event "22nd Ruzomberok Open 2019"]
[Site "Ruzomberok"]
[Date "2019.07.03"]
[Round "5.30"]
[White "Bartanus, Stanislav"]
[Black "Demko, Ladislav"]
[Result "1-0"]
[ECO "A21"]
[WhiteElo "1781"]
[BlackElo "1642"]
[Annotator "NA"]
[PlyCount "129"]
[EventDate "2019.06.29"]
[EventType "swiss"]
[EventCountry "SVK"]
[SourceTitle "playchess.com"]
[Source "ChessBase"]
[SourceQuality "1"]
[TimeControl "40/5400+30:1800+30"]

1. c4 e5 2. Nc3 b6 3. Nf3 d6 4. d3 Bb7 5. g3 Nf6 6. Bg2 Be7 7. O-O O-O 8. b3 Nbd7 9. Bb2 Rb8 10. Rc1 a5 11. Qc2 Re8 12. Rfd1 Qc8 13. a3 Nc5 14. b4 axb4 15. axb4 Na6 16. Qb3 c5 17. b5 Nc7 18. Ra1 Ra8 19. Rxa8 Nxa8 20. Ra1 e4 21. dxe4 Nxe4 22. Nxe4 Bxe4 23. Ra7 Qb8 24. Qa2 Nc7 25. Qa1 f6 26. Nh4 Bxg2 27. Kxg2 Qc8 28. e4 Bf8 29. Qb1 Qb8 30. Ra3 Qb7 31. Re3 Ne6 32. Qd3 Ng5 33. f3 Nf7 34. Re2 Ne5 35. Bxe5 fxe5 36. Nf5 Rd8 37. Ne3 Kh8 38. Nd5 Ra8 39. Qb3 Ra5 40. Ra2 Qa7 41. Rxa5 Qxa5 42. Qc3 Qa2+ 43. Kh3 Qf2 44. Nxb6 Qf1+ 45. Kg4 g6 46. Nd5 h5+ 47. Kg5 Qh3 48. g4 hxg4 49. fxg4 Bh6+ 50. Kxg6 Qh4 51. Qf3 Qg5+ 52. Kf7 Qg7+ 53. Ke6 Bf4 54. Nxf4 Qg8+ 55. Kxd6 Qf8+ 56. Kxe5 Qg7+ 57. Kf5 Qf7+ 58. Kg5 Qe7+ 59. Kf5 Qf7+ 60. Ke5 Qg7+ 61. Kd5 Qd4+ 62. Kc6 Qxc4 63. Nd5 Qd4 64. Qf6+ Qxf6+ 65. Nxf6 1-0

[Event "22nd Ruzomberok Open 2019"]
[Site "Ruzomberok"]
[Date "2019.07.03"]
[Round "5.31"]
[White "Mudron, Jan"]
[Black "Majerova, Veronika"]
[Result "1/2-1/2"]
[ECO "E91"]
[WhiteElo "1756"]
[BlackElo "1531"]
[Annotator "NA"]
[PlyCount "65"]
[EventDate "2019.06.29"]
[EventType "swiss"]
[EventCountry "SVK"]
[SourceTitle "playchess.com"]
[Source "ChessBase"]
[SourceQuality "1"]
[TimeControl "40/5400+30:1800+30"]

1. d4 d6 2. c4 g6 3. Nc3 Bg7 4. e4 Nf6 5. Nf3 O-O 6. Be2 c6 7. O-O e5 8. Be3 Re8 9. Qc2 Qc7 10. d5 Ng4 11. Bc1 f5 12. Nd2 Nh6 13. Bd3 Na6 14. a3 Nc5 15. b4 Nxd3 16. Qxd3 c5 17. b5 f4 18. f3 Qe7 19. Qe2 g5 20. Kf2 g4 21. Ke1 Qh4+ 22. Kd1 Qxh2 23. Bb2 Bf6 24. Kc2 gxf3 25. gxf3 Qxe2 26. Nxe2 Kh8 27. Nxf4 Rg8 28. Rg1 Bd7 29. Nh5 Raf8 30. Nxf6 Rxf6 31. Rxg8+ Kxg8 32. Rg1+ Kf8 33. Kd3 1/2-1/2

[Event "22nd Ruzomberok Open 2019"]
[Site "Ruzomberok"]
[Date "2019.07.03"]
[Round "5.32"]
[White "Jakab, Stefan"]
[Black "Zilkay, Dominik"]
[Result "1/2-1/2"]
[ECO "B33"]
[WhiteElo "1751"]
[BlackElo "1328"]
[Annotator "NA"]
[PlyCount "76"]
[EventDate "2019.06.29"]
[EventType "swiss"]
[EventCountry "SVK"]
[SourceTitle "playchess.com"]
[Source "ChessBase"]
[SourceQuality "1"]
[TimeControl "40/5400+30:1800+30"]

1. e4 c5 2. Nf3 Nc6 3. d4 cxd4 4. Nxd4 Nf6 5. Nc3 e5 6. Ndb5 d6 7. Bg5 a6 8. Na3 b5 9. Nd5 Be7 10. Bxf6 Bxf6 11. Be2 O-O 12. O-O Nd4 13. c3 Nxe2+ 14. Qxe2 Bg5 15. Rad1 f5 16. f4 exf4 17. Nxf4 Qb6+ 18. Kh1 Kh8 19. Qh5 Bxf4 20. Rxf4 Qe3 21. Rdf1 g6 22. Qd1 Qc5 23. exf5 Rxf5 24. Nc2 Rxf4 25. Rxf4 Bb7 26. Qd4+ Qe5 27. Qf2 Kg8 28. h4 Qd5 29. a3 Re8 30. Nd4 Re1+ 31. Kh2 Qe5 32. Qg3 Re3 33. Nf3 Bxf3 34. Rxf3 Qxg3+ 35. Kxg3 Re2 36. Rf2 Re6 37. Kg4 Kg7 38. g3 h6 1/2-1/2

[Event "22nd Ruzomberok Open 2019"]
[Site "Ruzomberok"]
[Date "2019.07.03"]
[Round "5.33"]
[White "Slivka, Vasil"]
[Black "Gasper, Jaroslav"]
[Result "1-0"]
[ECO "A10"]
[WhiteElo "1562"]
[BlackElo "1772"]
[Annotator "NA"]
[PlyCount "142"]
[EventDate "2019.06.29"]
[EventType "swiss"]
[EventCountry "SVK"]
[SourceTitle "playchess.com"]
[Source "ChessBase"]
[SourceQuality "1"]
[TimeControl "40/5400+30:1800+30"]

1. c4 b5 2. cxb5 Bb7 3. Nc3 e6 4. a3 d5 5. d4 c5 6. Nf3 cxd4 7. Qxd4 h6 8. Bf4 Nd7 9. b4 Ne7 10. e3 Nf5 11. Qd2 g5 12. Bg3 Bg7 13. Rc1 Rc8 14. Bd3 Nxg3 15. hxg3 Nf6 16. Nd4 Ng4 17. Be2 Ne5 18. O-O h5 19. Na4 Nc4 20. Bxc4 dxc4 21. Qc3 Qd5 22. f3 g4 23. Nc5 Ba8 24. Qxc4 Qe5 25. Qe2 gxf3 26. Nxf3 Qxg3 27. Qf2 Qg4 28. Nd4 O-O 29. Rc2 Be5 30. Nc6 Bxc6 31. bxc6 Bg3 32. Qf6 Rxc6 33. Rd2 Bh4 34. Qf3 Qxf3 35. gxf3 Be7 36. Ne4 Rc7 37. Rfd1 f5 38. Nf2 Kf7 39. f4 Rg8+ 40. Kf1 Kf6 41. Nh3 Rg3 42. Ng5 Rxe3 43. Rh2 Kg6 44. Kf2 Rxa3 45. Nxe6 Rc2+ 46. Kg1 Rxh2 47. Kxh2 Bxb4 48. Ng5 Ra2+ 49. Kg3 Rd2 50. Rc1 a5 51. Rc8 Rd3+ 52. Kg2 h4 53. Rg8+ Kh5 54. Nf3 h3+ 55. Kf2 Bc5+ 56. Kg3 Kh6 57. Rh8+ Kg7 58. Rxh3 a4 59. Rh2 a3 60. Rc2 Bf8 61. Kg2 Rb3 62. Rc7+ Kf6 63. Rc6+ Ke7 64. Ra6 Kd7 65. Ne5+ Kc7 66. Nc4 Rb2+ 67. Kf3 Rb3+ 68. Ke2 Rh3 69. Ne3 Bc5 70. Nxf5 a2 71. Ne3 Rh2+ {Nc4 Rh3 Na3 Rxa3} 1-0

[Event "22nd Ruzomberok Open 2019"]
[Site "Ruzomberok"]
[Date "2019.07.03"]
[Round "5.33"]
[White "Slivka, Vasil"]
[Black "Gasper, Jaroslav"]
[Result "0-1"]
[ECO "A10"]
[WhiteElo "1562"]
[BlackElo "1772"]
[Annotator "NA"]
[PlyCount "142"]
[EventDate "2019.06.29"]
[EventType "swiss"]
[EventCountry "SVK"]
[SourceTitle "playchess.com"]
[Source "ChessBase"]
[SourceQuality "1"]
[TimeControl "40/5400+30:1800+30"]

1. c4 b5 2. cxb5 Bb7 3. Nc3 e6 4. a3 d5 5. d4 c5 6. Nf3 cxd4 7. Qxd4 h6 8. Bf4 Nd7 9. b4 Ne7 10. e3 Nf5 11. Qd2 g5 12. Bg3 Bg7 13. Rc1 Rc8 14. Bd3 Nxg3 15. hxg3 Nf6 16. Nd4 Ng4 17. Be2 Ne5 18. O-O h5 19. Na4 Nc4 20. Bxc4 dxc4 21. Qc3 Qd5 22. f3 g4 23. Nc5 Ba8 24. Qxc4 Qe5 25. Qe2 gxf3 26. Nxf3 Qxg3 27. Qf2 Qg4 28. Nd4 O-O 29. Rc2 Be5 30. Nc6 Bxc6 31. bxc6 Bg3 32. Qf6 Rxc6 33. Rd2 Bh4 34. Qf3 Qxf3 35. gxf3 Be7 36. Ne4 Rc7 37. Rfd1 f5 38. Nf2 Kf7 39. f4 Rg8+ 40. Kf1 Kf6 41. Nh3 Rg3 42. Ng5 Rxe3 43. Rh2 Kg6 44. Kf2 Rxa3 45. Nxe6 Rc2+ 46. Kg1 Rxh2 47. Kxh2 Bxb4 48. Ng5 Ra2+ 49. Kg3 Rd2 50. Rc1 a5 51. Rc8 Rd3+ 52. Kg2 h4 53. Rg8+ Kh5 54. Nf3 h3+ 55. Kf2 Bc5+ 56. Kg3 Kh6 57. Rh8+ Kg7 58. Rxh3 a4 59. Rh2 a3 60. Rc2 Bf8 61. Kg2 Rb3 62. Rc7+ Kf6 63. Rc6+ Ke7 64. Ra6 Kd7 65. Ne5+ Kc7 66. Nc4 Rb2+ 67. Kf3 Rb3+ 68. Ke2 Rh3 69. Ne3 Bc5 70. Nxf5 a2 71. Ng7 Ba3 0-1

[Event "22nd Ruzomberok Open 2019"]
[Site "Ruzomberok"]
[Date "2019.07.03"]
[Round "5.34"]
[White "Petrasko, Jozef"]
[Black "Laurencsik, Alexander"]
[Result "1/2-1/2"]
[ECO "A16"]
[WhiteElo "1455"]
[BlackElo "1742"]
[Annotator "NA"]
[PlyCount "84"]
[EventDate "2019.06.29"]
[EventType "swiss"]
[EventCountry "SVK"]
[SourceTitle "playchess.com"]
[Source "ChessBase"]
[SourceQuality "1"]
[TimeControl "40/5400+30:1800+30"]

1. c4 Nf6 2. Nc3 g6 3. g3 Bg7 4. Bg2 d6 5. d3 e5 6. b4 c6 7. Nf3 O-O 8. Bg5 h6 9. Bd2 Re8 10. a4 e4 11. dxe4 Nxe4 12. Rc1 Bf5 13. Nxe4 Bxe4 14. Nh4 Bb2 15. Bc3 Bxc1 16. Qxc1 Qg5 17. Qb2 Nd7 18. Nf3 Bxf3 19. Bxf3 Ne5 20. Bxe5 Rxe5 21. h4 Qe7 22. O-O Rd8 23. Rd1 a6 24. Qd2 Kh7 25. e4 b6 26. Bg2 g5 27. f4 gxf4 28. gxf4 Rxe4 29. Bxe4+ Qxe4 30. Qd3 Qxd3 31. Rxd3 Kg6 32. Kg2 Kf5 33. Kf3 Ke6 34. Re3+ Kd7 35. f5 Re8 36. Re4 Rxe4 37. Kxe4 f6 38. b5 d5+ 39. Kd4 cxb5 40. cxb5 a5 41. Kxd5 h5 42. Ke4 Ke7 1/2-1/2

[Event "22nd Ruzomberok Open 2019"]
[Site "Ruzomberok"]
[Date "2019.07.03"]
[Round "5.35"]
[White "Konkol, Emil"]
[Black "Cebo, Vladimir"]
[Result "1-0"]
[ECO "B32"]
[WhiteElo "1714"]
[BlackElo "1577"]
[Annotator "NA"]
[PlyCount "137"]
[EventDate "2019.06.29"]
[EventType "swiss"]
[EventCountry "SVK"]
[SourceTitle "playchess.com"]
[Source "ChessBase"]
[SourceQuality "1"]
[TimeControl "40/5400+30:1800+30"]

1. e4 c5 2. Nf3 Nc6 3. d4 cxd4 4. Nxd4 e5 5. Nxc6 bxc6 6. c4 Nf6 7. Nc3 Bc5 8. Bd3 O-O 9. O-O d6 10. a3 Be6 11. b4 Bd4 12. Qc2 Rc8 13. Bb2 h6 14. Ne2 Bxb2 15. Qxb2 Qc7 16. f4 Qb6+ 17. Kh1 Ng4 18. Ng3 Ne3 19. Rf3 Nxc4 20. Bxc4 Bxc4 21. fxe5 d5 22. Nf5 Kh7 23. e6 f6 24. e7 Rg8 25. Nxg7 dxe4 26. Rxf6 Rxg7 27. Rf8 Rg8 28. Qf6 Qb8 29. Rf7+ Bxf7 30. Qxf7+ Rg7 31. Qf5+ Kh8 32. Qxe4 Re8 33. Qxc6 Rexe7 34. Rf1 Kh7 35. Qc2+ Rg6 36. Qc5 Qb7 37. Qc2 Qb5 38. Rd1 Qe5 39. h3 h5 40. a4 Kh6 41. Qd2+ Qg5 42. Qb2 Rge6 43. Qh8+ Rh7 44. Qf8+ Qg7 45. Qf4+ Qg5 46. Qf8+ Kg6 47. Qg8+ Rg7 48. Qxe6+ Kh7 49. Qe4+ Qg6 50. Qxg6+ Kxg6 51. Rf1 Kg5 52. g3 Rd7 53. Kg2 a6 54. h4+ Kg6 55. Rc1 Rd6 56. Rc4 Rb6 57. a5 Rd6 58. Rc5 Re6 59. Rg5+ Kh6 60. Kf3 Rd6 61. Ke4 Rd1 62. b5 axb5 63. Rxb5 Re1+ 64. Kd5 Re3 65. a6 Rxg3 66. Rb6+ Kg7 67. a7 Rd3+ 68. Kc6 Ra3 69. Kb7 1-0

[Event "22nd Ruzomberok Open 2019"]
[Site "Ruzomberok"]
[Date "2019.07.03"]
[Round "5.36"]
[White "Kunzo, Slavomir"]
[Black "Slyk, Piotr"]
[Result "1-0"]
[ECO "E00"]
[WhiteElo "1593"]
[BlackElo "1082"]
[Annotator "NA"]
[PlyCount "69"]
[EventDate "2019.06.29"]
[EventType "swiss"]
[EventCountry "SVK"]
[SourceTitle "playchess.com"]
[Source "ChessBase"]
[SourceQuality "1"]
[TimeControl "40/5400+30:1800+30"]

1. c4 e6 2. d4 Nf6 3. Bg5 d6 4. Nc3 Nbd7 5. e4 Be7 6. Nf3 a6 7. Bd3 c5 8. d5 e5 9. O-O Nb6 10. h3 h6 11. Bxf6 Bxf6 12. Nh2 O-O 13. Ne2 Bd7 14. b3 a5 15. a4 Bg5 16. f4 exf4 17. Nxf4 Bxf4 18. Rxf4 Qg5 19. Rf3 Rae8 20. Qf1 Re5 21. Qf2 Nc8 22. Rf1 Qg6 23. Rg3 Rg5 24. e5 Qh5 25. e6 Be8 26. Be2 Qg6 27. Bg4 Ne7 28. Nf3 fxe6 29. Bxe6+ Kh8 30. Rxg5 hxg5 31. Qg3 Nf5 32. Nxg5 Qf6 33. Bxf5 g6 34. Qh4+ Kg7 35. Qh7# 1-0

[Event "22nd Ruzomberok Open 2019"]
[Site "Ruzomberok"]
[Date "2019.07.04"]
[Round "6.1"]
[White "Movsesian, Julia"]
[Black "Jakab, Bela"]
[Result "1/2-1/2"]
[ECO "C07"]
[WhiteElo "2291"]
[BlackElo "2278"]
[Annotator "NA"]
[PlyCount "55"]
[EventDate "2019.06.29"]
[EventType "swiss"]
[EventCountry "SVK"]
[SourceTitle "playchess.com"]
[Source "ChessBase"]
[SourceQuality "1"]
[TimeControl "40/5400+30:1800+30"]

1. e4 e6 2. d4 d5 3. Nd2 c5 4. Ngf3 cxd4 5. Nxd4 Nf6 6. exd5 Qxd5 7. Nb5 Na6 8. Nc3 Qe5+ 9. Be2 Bb4 10. O-O O-O 11. Nf3 Qc7 12. Nb5 Qe7 13. a3 Rd8 14. Bd3 Ba5 15. b4 Bb6 16. Bb2 Nc7 17. Nxc7 Bxc7 18. Qe2 Bd7 19. Ne5 Rac8 20. Rad1 Be8 21. Rfe1 Nd7 22. Qe4 Nf8 23. Qg4 f6 24. Nf3 Bf7 25. Bd4 b6 26. Ba6 Rb8 27. Bd3 Rbc8 28. Ba6 1/2-1/2

[Event "22nd Ruzomberok Open 2019"]
[Site "Ruzomberok"]
[Date "2019.07.04"]
[Round "6.2"]
[White "Jablonicky, Martin"]
[Black "Cech, Dominik"]
[Result "1-0"]
[ECO "E97"]
[WhiteElo "2378"]
[BlackElo "2092"]
[Annotator "NA"]
[PlyCount "61"]
[EventDate "2019.06.29"]
[EventType "swiss"]
[EventCountry "SVK"]
[SourceTitle "playchess.com"]
[Source "ChessBase"]
[SourceQuality "1"]
[TimeControl "40/5400+30:1800+30"]

1. d4 Nf6 2. c4 g6 3. Nc3 Bg7 4. e4 d6 5. Nf3 O-O 6. Be2 e5 7. O-O Nc6 8. d5 Ne7 9. Bd2 Ne8 10. Rc1 f5 11. Ng5 h6 12. Ne6 Bxe6 13. dxe6 c6 14. Qb3 Qc8 15. c5 dxc5 16. Rfd1 b5 17. a4 a6 18. Be3 c4 19. Qa3 Qxe6 20. axb5 cxb5 21. Nxb5 axb5 22. Qxa8 Nd6 23. Qa6 Nec8 24. b3 cxb3 25. Rxc8 Rxc8 26. Rxd6 b2 27. Rxe6 b1=Q+ 28. Bf1 Rd8 29. exf5 Qxf5 30. Rd6 Rb8 31. Rxg6 1-0

[Event "22nd Ruzomberok Open 2019"]
[Site "Ruzomberok"]
[Date "2019.07.04"]
[Round "6.5"]
[White "Borsos, Bogdan"]
[Black "Karas, Marek"]
[Result "1-0"]
[ECO "A05"]
[WhiteElo "2216"]
[BlackElo "2268"]
[Annotator "NA"]
[PlyCount "35"]
[EventDate "2019.06.29"]
[EventType "swiss"]
[EventCountry "SVK"]
[SourceTitle "playchess.com"]
[Source "ChessBase"]
[SourceQuality "1"]
[TimeControl "40/5400+30:1800+30"]

1. Nf3 Nf6 2. c4 b6 3. g3 Bb7 4. Bg2 e6 5. O-O Be7 6. d4 O-O 7. d5 exd5 8. Nh4 c6 9. cxd5 Nxd5 10. Nf5 Nc7 11. e4 d5 12. exd5 Nxd5 13. Nc3 Nxc3 14. bxc3 Bf6 15. Ba3 Qxd1 16. Raxd1 Rd8 17. Rxd8+ Bxd8 18. Re1 1-0

[Event "22nd Ruzomberok Open 2019"]
[Site "Ruzomberok"]
[Date "2019.07.04"]
[Round "6.7"]
[White "Palider, Pavol"]
[Black "Hros, Roman"]
[Result "0-1"]
[ECO "D00"]
[WhiteElo "2026"]
[BlackElo "2195"]
[Annotator "NA"]
[PlyCount "104"]
[EventDate "2019.06.29"]
[EventType "swiss"]
[EventCountry "SVK"]
[SourceTitle "playchess.com"]
[Source "ChessBase"]
[SourceQuality "1"]
[TimeControl "40/5400+30:1800+30"]

1. d4 d5 2. Nc3 c5 3. Nf3 Nf6 4. Bg5 Ne4 5. dxc5 Nxg5 6. Nxg5 e6 7. Qd2 Bxc5 8. e4 Be7 9. h4 h6 10. Nf3 dxe4 11. Nxe4 Qxd2+ 12. Nfxd2 O-O 13. O-O-O Rd8 14. g4 Bd7 15. g5 Bc6 16. Bd3 Nd7 17. f4 Nc5 18. Rh3 Nxd3+ 19. cxd3 h5 20. Rf1 g6 21. Re1 Rac8 22. Kb1 Bb5 23. Ree3 Kf8 24. Nc3 Ba6 25. Nde4 Rd4 26. a3 b6 27. b4 Bb7 28. Kb2 a5 29. bxa5 bxa5 30. Nb5 Rd5 31. Nec3 Rf5 32. d4 Rxf4 33. Rh2 Bc6 34. a4 Rb8 35. Kc2 Bb4 36. Na7 Bxc3 37. Nxc6 Bxd4 38. Nxb8 Bxe3 39. Kd3 Bf2 40. Nd7+ Ke7 41. Nf6 Bxh4 42. Ne4 Rg4 43. Rb2 Bxg5 44. Rb7+ Kf8 45. Rb5 f5 46. Nc5 Be7 47. Nxe6+ Kf7 48. Nd4 h4 49. Rxa5 h3 50. Nf3 Rg3 51. Ke2 h2 52. Nxh2 Rg2+ 0-1

[Event "22nd Ruzomberok Open 2019"]
[Site "Ruzomberok"]
[Date "2019.07.04"]
[Round "6.8"]
[White "Janik, Miroslav"]
[Black "Bombek, Peter"]
[Result "0-1"]
[ECO "D02"]
[WhiteElo "1889"]
[BlackElo "2159"]
[Annotator "NA"]
[PlyCount "90"]
[EventDate "2019.06.29"]
[EventType "swiss"]
[EventCountry "SVK"]
[SourceTitle "playchess.com"]
[Source "ChessBase"]
[SourceQuality "1"]
[TimeControl "40/5400+30:1800+30"]

1. d4 d5 2. Nf3 Nf6 3. Bf4 e6 4. e3 Bd6 5. Bxd6 Qxd6 6. c3 Nbd7 7. Nbd2 O-O 8. Be2 c5 9. dxc5 Nxc5 10. c4 b6 11. cxd5 Qxd5 12. Nc4 Bb7 13. Qxd5 Bxd5 14. O-O Na4 15. Rfc1 Rfd8 16. b3 Nc5 17. Nce5 Nfe4 18. Rc2 f6 19. Nc4 e5 20. Rac1 Be6 21. h3 Kf8 22. Ncd2 Nxd2 23. Rxd2 Rxd2 24. Nxd2 Rd8 25. Nf3 Ke7 26. Kf1 Bd5 27. Rd1 a5 28. Ke1 Rd6 29. g3 a4 30. b4 Ne4 31. a3 Nc3 32. Rc1 Rc6 33. Nd2 Kd6 34. f3 f5 35. Nc4+ Bxc4 36. Rxc3 Bxe2 37. Rxc6+ Kxc6 38. Kxe2 Kd5 39. Kd3 e4+ 40. fxe4+ fxe4+ 41. Kc3 b5 42. Kd2 Kc4 43. Kc2 g5 44. h4 g4 45. h5 h6 0-1

[Event "22nd Ruzomberok Open 2019"]
[Site "Ruzomberok"]
[Date "2019.07.04"]
[Round "6.9"]
[White "Mrvova, Alena"]
[Black "Viczencz, Peter"]
[Result "1-0"]
[ECO "B20"]
[WhiteElo "2153"]
[BlackElo "2014"]
[Annotator "NA"]
[PlyCount "97"]
[EventDate "2019.06.29"]
[EventType "swiss"]
[EventCountry "SVK"]
[SourceTitle "playchess.com"]
[Source "ChessBase"]
[SourceQuality "1"]
[TimeControl "40/5400+30:1800+30"]

1. e4 c5 2. g3 e6 3. Bg2 Nc6 4. f4 Nge7 5. Nf3 g6 6. O-O Bg7 7. Nc3 O-O 8. Ne2 Qb6 9. Kh1 d6 10. c3 f5 11. d3 e5 12. Qa4 h6 13. Nh4 Kh7 14. Qc2 Be6 15. Be3 a5 16. Ng1 d5 17. exf5 Nxf5 18. Nxf5 Rxf5 19. Bh3 Rf6 20. fxe5 Rxf1 21. Rxf1 Bxh3 22. Nxh3 Nxe5 23. d4 Nc4 24. Bg1 cxd4 25. cxd4 Re8 26. Nf4 Qd6 27. b3 Ne3 28. Qe2 Bxd4 29. Ng2 Nxf1 30. Qxe8 Bg7 31. Qf7 Nd2 32. Nf4 d4 33. Qxb7 d3 34. Qb6 Qxb6 35. Bxb6 Ne4 36. Nxd3 Bc3 37. Kg2 Kg7 38. Kf3 Nd6 39. Ke3 g5 40. Bc7 Nb5 41. Be5+ Kg6 42. a4 Kf5 43. g4+ Ke6 44. axb5 Bxe5 45. Nxe5 Kxe5 46. b6 Kd6 47. Kd4 Kc6 48. b7 Kxb7 49. Kc5 1-0

[Event "22nd Ruzomberok Open 2019"]
[Site "Ruzomberok"]
[Date "2019.07.04"]
[Round "6.13"]
[White "Salomons, Lorenzo"]
[Black "Bemak, Mikhail"]
[Result "0-1"]
[ECO "E46"]
[WhiteElo "1842"]
[BlackElo "2102"]
[Annotator "NA"]
[PlyCount "56"]
[EventDate "2019.06.29"]
[EventType "swiss"]
[EventCountry "SVK"]
[SourceTitle "playchess.com"]
[Source "ChessBase"]
[SourceQuality "1"]
[TimeControl "40/5400+30:1800+30"]

1. d4 Nf6 2. c4 e6 3. Nc3 Bb4 4. e3 O-O 5. Nge2 b6 6. a3 Bxc3+ 7. Nxc3 Bb7 8. f3 d5 9. cxd5 exd5 10. Bd3 c5 11. O-O Re8 12. Ne2 Nc6 13. Bd2 c4 14. Bc2 b5 15. Qe1 Qd6 16. Qh4 a5 17. Ng3 Ne7 18. Nf5 Nxf5 19. Bxf5 b4 20. Rfd1 g6 21. e4 dxe4 22. Bf4 Qb6 23. Bg5 Ra6 24. axb4 exf3 25. b5 Qxb5 26. Bxf6 Qxf5 27. Be5 f6 28. Bc7 Re2 0-1

[Event "22nd Ruzomberok Open 2019"]
[Site "Ruzomberok"]
[Date "2019.07.04"]
[Round "6.14"]
[White "Hrnciar, Roman"]
[Black "Stanko, Ivan"]
[Result "1-0"]
[ECO "A03"]
[WhiteElo "2096"]
[BlackElo "1859"]
[Annotator "NA"]
[PlyCount "72"]
[EventDate "2019.06.29"]
[EventType "swiss"]
[EventCountry "SVK"]
[SourceTitle "playchess.com"]
[Source "ChessBase"]
[SourceQuality "1"]
[TimeControl "40/5400+30:1800+30"]

1. f4 d5 2. e3 g6 3. Nf3 Bg7 4. Be2 Nf6 5. O-O O-O 6. c3 c5 7. d4 Nbd7 8. Bd3 c4 9. Bc2 Nb6 10. Ne5 Nbd7 11. Nd2 Nxe5 12. fxe5 Ng4 13. Qe2 f5 14. exf6 exf6 15. h3 Nh6 16. e4 Re8 17. Qf3 Be6 18. exd5 Bxd5 19. Be4 Rxe4 20. Nxe4 f5 21. Bxh6 Bxh6 22. Nf6+ Qxf6 23. Qxd5+ Qf7 24. Qxf7+ Kxf7 25. Rae1 b5 26. g4 f4 27. Re5 Rb8 28. g5 Bg7 29. Rxf4+ Kg8 30. Re7 a5 31. Rfe4 Kf8 32. d5 b4 33. d6 bxc3 34. d7 Bd4+ 35. Kh1 Bc5 36. Re8+ {[%emt 0:00:18] Kxe8} Rxe8 1-0

[Event "22nd Ruzomberok Open 2019"]
[Site "Ruzomberok"]
[Date "2019.07.04"]
[Round "6.15"]
[White "Kapicakova, Lucia"]
[Black "Holly, Andrej"]
[Result "0-1"]
[ECO "A04"]
[WhiteElo "1776"]
[BlackElo "2046"]
[Annotator "NA"]
[PlyCount "58"]
[EventDate "2019.06.29"]
[EventType "swiss"]
[EventCountry "SVK"]
[SourceTitle "playchess.com"]
[Source "ChessBase"]
[SourceQuality "1"]
[TimeControl "40/5400+30:1800+30"]

1. Nf3 c5 2. g3 Nc6 3. Bg2 e6 4. d3 Nf6 5. O-O d5 6. Nbd2 Be7 7. e4 b6 8. e5 Nd7 9. Re1 Bb7 10. Nf1 Qc7 11. Qe2 h6 12. c3 g5 13. h3 O-O-O 14. d4 Rdg8 15. N1h2 h5 16. g4 Kb8 17. Be3 f5 18. a3 hxg4 19. hxg4 f4 20. Bd2 Rh6 21. Qd3 Rgh8 22. Kf1 Qc8 23. Kg1 R8h7 24. Bf1 Qh8 25. Kg2 Rxh2+ 26. Nxh2 Rxh2+ 27. Kf3 Ncxe5+ 28. dxe5 d4+ 29. Ke2 Nxe5 0-1

[Event "22nd Ruzomberok Open 2019"]
[Site "Ruzomberok"]
[Date "2019.07.04"]
[Round "6.16"]
[White "Bartek, Ladislav"]
[Black "Marsina, Stefan"]
[Result "1-0"]
[ECO "C11"]
[WhiteElo "2042"]
[BlackElo "1857"]
[Annotator "NA"]
[PlyCount "65"]
[EventDate "2019.06.29"]
[EventType "swiss"]
[EventCountry "SVK"]
[SourceTitle "playchess.com"]
[Source "ChessBase"]
[SourceQuality "1"]
[TimeControl "40/5400+30:1800+30"]

1. e4 e6 2. d4 d5 3. Nc3 Nf6 4. e5 Nfd7 5. f4 c5 6. Nf3 Nc6 7. Be3 a6 8. Qd2 Be7 9. dxc5 Nxc5 10. O-O-O O-O 11. f5 Ne4 12. Nxe4 dxe4 13. Qc3 Qa5 14. Qxa5 Nxa5 15. f6 gxf6 16. exf6 Bxf6 17. Ng5 Bxg5 18. Bxg5 f6 19. Bh6 Re8 20. Be2 Nc6 21. Bh5 Re7 22. Rhf1 f5 23. g4 Bd7 24. gxf5 exf5 25. Rg1+ Kh8 26. Bg5 Re6 27. Rxd7 Rf8 28. Bd2 f4 29. Bc3+ Ne5 30. Rgg7 Rc8 31. Rxh7+ Kg8 32. Rdg7+ Kf8 33. Bb4+ 1-0

[Event "22nd Ruzomberok Open 2019"]
[Site "Ruzomberok"]
[Date "2019.07.04"]
[Round "6.17"]
[White "Baleja, Marian"]
[Black "Taragelova, Martina"]
[Result "1-0"]
[ECO "C12"]
[WhiteElo "1951"]
[BlackElo "1719"]
[Annotator "NA"]
[PlyCount "99"]
[EventDate "2019.06.29"]
[EventType "swiss"]
[EventCountry "SVK"]
[SourceTitle "playchess.com"]
[Source "ChessBase"]
[SourceQuality "1"]
[TimeControl "40/5400+30:1800+30"]

1. e4 e6 2. d4 d5 3. Nc3 Nf6 4. Bg5 Bb4 5. e5 h6 6. Bd2 Bxc3 7. Bxc3 Ne4 8. Bb4 c5 9. Bxc5 Nxc5 10. dxc5 Qa5+ 11. Qd2 Qxc5 12. Nf3 Nc6 13. c3 a5 14. Bd3 Bd7 15. O-O O-O 16. Bc2 Rfc8 17. Rac1 b5 18. Rfe1 Qb6 19. Qd3 g6 20. Nh4 Be8 21. Qd2 Kh7 22. Qf4 b4 23. Re3 Ne7 24. Rh3 Ng8 25. Qd2 bxc3 26. Rxc3 Rxc3 27. Qxc3 Qb4 28. Qxb4 axb4 29. Bb1 Ne7 30. Rc7 Rc8 31. Bxg6+ Kg8 32. Rxc8 Nxc8 33. Bd3 Nb6 34. b3 Kf8 35. Nf3 Nd7 36. Kf1 Nc5 37. Ke2 Ke7 38. Nd4 f6 39. f4 fxe5 40. fxe5 Bh5+ 41. Ke3 Kd7 42. Nc2 Nxd3 43. Kxd3 Bg6+ 44. Kd2 Bxc2 45. Kxc2 Ke7 46. g4 Kf7 47. h4 Kg6 48. Kd3 h5 49. g5 Kf5 50. Kd4 1-0

[Event "22nd Ruzomberok Open 2019"]
[Site "Ruzomberok"]
[Date "2019.07.04"]
[Round "6.18"]
[White "Profant, Jan"]
[Black "Balogh, Peter"]
[Result "0-1"]
[ECO "A50"]
[WhiteElo "1871"]
[BlackElo "2037"]
[Annotator "NA"]
[PlyCount "76"]
[EventDate "2019.06.29"]
[EventType "swiss"]
[EventCountry "SVK"]
[SourceTitle "playchess.com"]
[Source "ChessBase"]
[SourceQuality "1"]
[TimeControl "40/5400+30:1800+30"]

1. d4 Nf6 2. c4 Nc6 3. Nf3 e6 4. a3 d5 5. e3 Be7 6. Nc3 O-O 7. b4 Ne4 8. Qc2 f5 9. cxd5 exd5 10. Nxd5 Kh8 11. Nxe7 Qxe7 12. Bd3 Bd7 13. O-O Be8 14. Bb2 Rd8 15. Rac1 a6 16. Ne5 Nxe5 17. dxe5 Bc6 18. f3 Ng5 19. Bxf5 Nxf3+ 20. gxf3 Qg5+ 21. Kf2 Rxf5 22. f4 Qh4+ 23. Kg1 Qg4+ 24. Kf2 Rh5 25. Ke1 Bb5 26. Bd4 Bxf1 27. Kxf1 Rxd4 28. exd4 Qxf4+ 29. Ke1 Rxh2 30. Qxh2 Qxh2 31. Rxc7 Kg8 32. Rd7 Qh3 33. Rd6 Kf7 34. Kd2 h5 35. Rb6 Qg2+ 36. Kc3 h4 37. Kc4 h3 38. d5 Qe4+ 0-1

[Event "22nd Ruzomberok Open 2019"]
[Site "Ruzomberok"]
[Date "2019.07.04"]
[Round "6.19"]
[White "Mocary, Metod"]
[Black "Bakalar, Jan"]
[Result "1/2-1/2"]
[ECO "A45"]
[WhiteElo "1830"]
[BlackElo "1969"]
[Annotator "NA"]
[PlyCount "39"]
[EventDate "2019.06.29"]
[EventType "swiss"]
[EventCountry "SVK"]
[SourceTitle "playchess.com"]
[Source "ChessBase"]
[SourceQuality "1"]
[TimeControl "40/5400+30:1800+30"]

1. d4 Nf6 2. Bg5 c5 3. Bxf6 exf6 4. c3 b6 5. e3 Bb7 6. Nf3 Be7 7. Nbd2 O-O 8. Bd3 g6 9. O-O f5 10. Qc2 d5 11. dxc5 bxc5 12. Rad1 c4 13. Be2 Qc7 14. Nd4 a6 15. Bf3 Nd7 16. Be2 Rac8 17. f4 Rfe8 18. Rf3 Bc5 19. Nf1 Bxd4 20. Rxd4 1/2-1/2